General information
- name: BNet
- type: Ladder team game (AT/RT)
- host: Battle.net
- saver: BEAR_AND
map: SunrockCove
- players: 6
- length: 91:52
- speed: Fast
- version: 1.26 W3XP
- replay type:

» download(657 KB)
Players
team 1 (winner)
BEAR_AND (
green | 99 APM | 9136 actions | 91:52)
10 Blademaster
3 Wind Walk
3 Critical Strike
1 Bladestorm
3 Mirror Image
» actions
| Assign group hotkey | 42 | |
| Basic commands | 112 | |
| Build / train | 109 | |
| Enter build submenu | 115 | |
| Enter hero's abilities submenu | 11 | |
| Give item / drop item | 11 | |
| Right click | 6343 | |
| Select / deselect | 1007 | |
| Select group hotkey | 895 | |
| Use ability | 491 | |
9136 total
» units
| Peon | 21 | |
| Troll Batrider | 40 | |
| Goblin Zeppelin | 5 | |
66 total
» upgrades
| Liquid Fire | 1 | |
| Ranged Weapons | 3 | |
| Reinforced Defenses | 1 | |
| Armor | 2 | |
7 total
» buildings
| Altar of Storms | 3 | |
| Orc Burrow | 12 | |
| War Mill | 2 | |
| Watch Tower | 90 | |
| Stronghold | 3 | |
| Voodoo Lounge | 6 | |
| Beastiary | 8 | |
| Great Hall | 2 | |
| Fortress | 2 | |
128 total
» build order
00:10 Altar of Storms
00:14 Altar of Storms
00:20 Orc Burrow
00:33 War Mill
01:50 Watch Tower
01:50 Watch Tower
02:57 Watch Tower
02:57 Watch Tower
03:13 Stronghold
03:32 Voodoo Lounge
03:45 Orc Burrow
03:59 Watch Tower
04:01 Watch Tower
04:18 Orc Burrow
04:44 Watch Tower
05:06 Watch Tower
05:07 Watch Tower
05:34 Orc Burrow
05:36 Beastiary
06:01 Beastiary
06:54 Great Hall
08:34 Fortress
08:42 Watch Tower
08:43 Watch Tower
08:51 Orc Burrow
09:16 Watch Tower
09:45 Watch Tower
09:46 Watch Tower
09:59 Watch Tower
10:16 Watch Tower
10:50 Watch Tower
11:15 Watch Tower
11:19 Watch Tower
12:28 Watch Tower
12:36 Watch Tower
12:45 Beastiary
12:57 Voodoo Lounge
13:05 Voodoo Lounge
14:18 Watch Tower
14:39 Watch Tower
14:48 Watch Tower
14:49 Watch Tower
14:51 Watch Tower
15:09 Watch Tower
15:24 Watch Tower
16:47 Watch Tower
16:48 Watch Tower
16:49 Watch Tower
16:51 Watch Tower
16:51 Watch Tower
16:52 Watch Tower
16:52 Watch Tower
21:56 Orc Burrow
21:56 Orc Burrow
22:34 Orc Burrow
27:13 War Mill
28:35 Great Hall
28:43 Voodoo Lounge
28:45 Orc Burrow
28:46 Orc Burrow
29:48 Orc Burrow
30:48 Watch Tower
32:23 Watch Tower
32:57 Stronghold
32:57 Stronghold
33:05 Watch Tower
33:06 Watch Tower
33:50 Watch Tower
33:50 Watch Tower
35:34 Watch Tower
35:35 Watch Tower
35:36 Watch Tower
35:36 Watch Tower
36:21 Watch Tower
36:24 Watch Tower
36:24 Watch Tower
36:25 Watch Tower
36:25 Watch Tower
36:27 Watch Tower
36:38 Altar of Storms
37:30 Watch Tower
37:31 Watch Tower
37:38 Watch Tower
37:39 Watch Tower
37:40 Watch Tower
37:40 Watch Tower
37:41 Watch Tower
37:42 Watch Tower
37:42 Watch Tower
37:43 Watch Tower
37:47 Fortress
37:54 Voodoo Lounge
38:19 Watch Tower
38:38 Beastiary
38:42 Beastiary
38:51 Beastiary
39:41 Beastiary
39:44 Beastiary
40:29 Watch Tower
40:30 Watch Tower
40:38 Watch Tower
40:39 Watch Tower
40:39 Watch Tower
40:40 Watch Tower
40:43 Watch Tower
40:44 Watch Tower
40:45 Watch Tower
40:46 Watch Tower
40:46 Watch Tower
40:47 Watch Tower
41:02 Watch Tower
41:04 Watch Tower
41:07 Watch Tower
41:08 Watch Tower
41:09 Watch Tower
41:09 Watch Tower
42:31 Watch Tower
42:32 Watch Tower
42:36 Watch Tower
42:37 Watch Tower
42:37 Watch Tower
42:38 Watch Tower
43:35 Watch Tower
43:35 Watch Tower
43:42 Watch Tower
43:43 Watch Tower
45:27 Orc Burrow
73:46 Voodoo Lounge
» items
| Healing Salve | 3 | |
| Lesser Clarity Potion | 9 | |
| Boots of Speed | 1 | |
| Staff of Teleportation | 1 | |
| Orb of Lightning | 1 | |
| Circlet of Nobility | 1 | |
16 total
BORNINTHEusa (
purple | 76 APM | 6936 actions | 91:51)
7 Warden
3 Shadow Strike
3 Blink
1 Spirit of Vengeance
5 Pandaren Brewmaster
3 Breath of Fire
1 Drunken Haze
1 Drunken Brawler
» actions
| Assign group hotkey | 11 | |
| Basic commands | 127 | |
| Build / train | 112 | |
| ESC pressed | 5 | |
| Enter build submenu | 49 | |
| Enter hero's abilities submenu | 14 | |
| Give item / drop item | 7 | |
| Right click | 4137 | |
| Select / deselect | 654 | |
| Select group hotkey | 1337 | |
| Use ability | 481 | |
6936 total
» units
| Wisp | 45 | |
| Goblin Zeppelin | 1 | |
| Druid of the Talon | 12 | |
58 total
» upgrades
| Ultravision | 1 | |
| Well Spring | 1 | |
| Strength of the Wild | 3 | |
| Reinforced Hides | 3 | |
| Corrosive Breath | 1 | |
| Druid of the Talon Training | 2 | |
| Mark of the Talon | 1 | |
| Nature's Blessing | 1 | |
13 total
» buildings
| Altar of Elders | 3 | |
| Moon Well | 32 | |
| Tree of Ages | 2 | |
| Hunter's Hall | 2 | |
| Tree of Eternity | 4 | |
| Tree of Life | 5 | |
| Ancient of Wonders | 1 | |
| Ancient of Wind | 2 | |
| Chimaera Roost | 2 | |
53 total
» build order
00:10 Altar of Elders
00:13 Moon Well
02:02 Moon Well
02:06 Moon Well
03:08 Tree of Ages
03:18 Moon Well
03:20 Moon Well
04:44 Hunter's Hall
05:29 Tree of Eternity
05:29 Tree of Eternity
07:03 Tree of Life
08:36 Ancient of Wonders
11:07 Ancient of Wind
14:26 Chimaera Roost
16:14 Moon Well
16:15 Moon Well
18:16 Chimaera Roost
18:50 Altar of Elders
19:36 Moon Well
19:37 Moon Well
19:38 Moon Well
23:43 Tree of Life
28:05 Moon Well
28:06 Moon Well
28:07 Moon Well
29:08 Moon Well
29:09 Moon Well
29:11 Moon Well
29:12 Moon Well
29:13 Moon Well
29:14 Moon Well
29:15 Moon Well
29:16 Moon Well
33:20 Tree of Life
33:26 Tree of Life
33:38 Tree of Life
37:21 Tree of Ages
37:49 Altar of Elders
39:43 Tree of Eternity
39:46 Hunter's Hall
39:49 Ancient of Wind
73:39 Moon Well
73:40 Moon Well
73:41 Moon Well
73:47 Moon Well
73:49 Moon Well
73:50 Moon Well
74:39 Moon Well
74:41 Moon Well
74:42 Moon Well
85:17 Moon Well
85:23 Moon Well
» items
| Boots of Speed | 2 | |
| Staff of Teleportation | 4 | |
| Orb of Venom | 2 | |
| Staff of Sanctuary | 2 | |
| Tome of Retraining | 1 | |
11 total
iggy_the_fisk (
yellow | 92 APM | 8405 actions | 91:51)
6 Dark Ranger
3 Black Arrow
2 Life Drain
1 Charm
9 Goblin Alchemist
3 Chemical Rage
3 Acid Bomb
2 Transmute
1 Healing Spray
» actions
| Assign group hotkey | 831 | |
| Basic commands | 83 | |
| Build / train | 237 | |
| Enter build submenu | 198 | |
| Enter hero's abilities submenu | 14 | |
| Give item / drop item | 12 | |
| Remove unit from queue | 1 | |
| Right click | 4463 | |
| Select / deselect | 1050 | |
| Select group hotkey | 881 | |
| Use ability | 635 | |
8405 total
» units
| Peasant | 37 | |
| Goblin Zeppelin | 1 | |
38 total
» upgrades
| Masonry | 4 | |
| Lumber Harvesting | 2 | |
| Magic Sentry | 1 | |
| Priest Training | 1 | |
| Sorceress Training | 1 | |
| Control Magic | 1 | |
10 total
» buildings
| Farm | 14 | |
| Lumber Mill | 2 | |
| Altar of Kings | 2 | |
| Scout Tower | 267 | |
| Arcane Tower | 21 | |
| Guard Tower | 106 | |
| Keep | 4 | |
| Arcane Vault | 9 | |
| Town Hall | 2 | |
| Arcane Sanctum | 1 | |
| Castle | 4 | |
432 total
» build order
00:06 Farm
00:19 Lumber Mill
01:04 Altar of Kings
01:09 Farm
01:20 Scout Tower
01:22 Scout Tower
01:49 Arcane Tower
01:49 Scout Tower
01:50 Scout Tower
01:53 Scout Tower
01:58 Arcane Tower
02:33 Guard Tower
02:34 Scout Tower
02:43 Scout Tower
02:47 Guard Tower
02:47 Guard Tower
02:47 Guard Tower
02:47 Guard Tower
02:58 Guard Tower
02:59 Scout Tower
03:05 Scout Tower
03:05 Guard Tower
03:05 Guard Tower
03:07 Guard Tower
03:07 Guard Tower
03:07 Guard Tower
03:08 Guard Tower
03:38 Scout Tower
03:39 Scout Tower
03:51 Scout Tower
03:51 Guard Tower
03:57 Keep
03:57 Keep
03:57 Keep
04:21 Scout Tower
04:21 Scout Tower
04:33 Guard Tower
04:34 Guard Tower
04:36 Scout Tower
04:43 Arcane Vault
04:45 Arcane Vault
05:12 Scout Tower
05:12 Guard Tower
05:16 Arcane Vault
05:32 Guard Tower
05:35 Scout Tower
05:36 Scout Tower
05:43 Guard Tower
05:43 Guard Tower
05:43 Guard Tower
05:44 Guard Tower
05:47 Scout Tower
05:49 Scout Tower
06:26 Town Hall
06:56 Guard Tower
06:57 Scout Tower
06:58 Scout Tower
07:26 Guard Tower
07:43 Arcane Sanctum
07:51 Guard Tower
08:05 Scout Tower
08:06 Scout Tower
08:10 Arcane Vault
08:11 Scout Tower
08:12 Scout Tower
08:12 Scout Tower
08:16 Scout Tower
08:16 Scout Tower
08:16 Scout Tower
08:26 Scout Tower
08:26 Scout Tower
08:36 Castle
08:36 Castle
08:36 Castle
08:37 Castle
09:06 Scout Tower
09:06 Scout Tower
09:07 Scout Tower
09:07 Scout Tower
09:08 Scout Tower
09:09 Scout Tower
09:13 Arcane Vault
09:17 Guard Tower
09:20 Scout Tower
09:22 Scout Tower
09:24 Scout Tower
09:44 Scout Tower
09:45 Scout Tower
09:47 Guard Tower
09:48 Scout Tower
09:49 Scout Tower
10:03 Guard Tower
10:05 Scout Tower
10:06 Scout Tower
10:07 Scout Tower
10:13 Arcane Tower
10:14 Arcane Tower
10:14 Arcane Tower
10:14 Arcane Tower
10:35 Arcane Tower
10:36 Arcane Tower
10:39 Arcane Vault
10:44 Arcane Tower
10:46 Scout Tower
10:46 Scout Tower
10:49 Scout Tower
10:50 Scout Tower
10:50 Guard Tower
11:27 Guard Tower
11:30 Scout Tower
11:30 Scout Tower
11:31 Arcane Vault
11:34 Arcane Tower
11:35 Guard Tower
11:37 Guard Tower
11:40 Scout Tower
11:40 Scout Tower
11:48 Guard Tower
11:50 Scout Tower
11:51 Scout Tower
11:51 Scout Tower
11:53 Scout Tower
11:53 Scout Tower
11:54 Scout Tower
11:56 Guard Tower
12:19 Scout Tower
12:20 Scout Tower
12:28 Guard Tower
12:31 Scout Tower
12:32 Scout Tower
12:36 Guard Tower
12:55 Guard Tower
12:56 Scout Tower
12:57 Scout Tower
13:08 Farm
13:13 Scout Tower
13:14 Scout Tower
13:14 Guard Tower
13:17 Scout Tower
13:17 Scout Tower
13:20 Guard Tower
13:22 Guard Tower
13:24 Scout Tower
13:27 Scout Tower
13:27 Scout Tower
13:57 Scout Tower
13:57 Scout Tower
14:00 Arcane Tower
14:00 Guard Tower
14:08 Guard Tower
14:12 Scout Tower
14:12 Scout Tower
14:20 Scout Tower
14:21 Scout Tower
14:22 Guard Tower
14:32 Guard Tower
14:36 Scout Tower
14:37 Scout Tower
14:42 Scout Tower
14:44 Scout Tower
14:45 Scout Tower
14:49 Guard Tower
14:51 Scout Tower
14:52 Scout Tower
14:54 Guard Tower
14:56 Scout Tower
14:57 Scout Tower
15:25 Guard Tower
15:27 Scout Tower
15:29 Scout Tower
15:31 Guard Tower
16:00 Guard Tower
16:03 Scout Tower
16:03 Scout Tower
16:04 Guard Tower
16:05 Guard Tower
16:10 Scout Tower
16:11 Scout Tower
18:03 Guard Tower
18:04 Scout Tower
18:05 Scout Tower
18:05 Scout Tower
18:06 Scout Tower
18:29 Scout Tower
18:30 Scout Tower
18:31 Scout Tower
18:31 Scout Tower
18:37 Guard Tower
18:39 Scout Tower
18:41 Scout Tower
18:41 Scout Tower
18:42 Guard Tower
18:45 Scout Tower
18:46 Scout Tower
19:38 Guard Tower
19:39 Scout Tower
19:40 Scout Tower
19:40 Scout Tower
19:45 Town Hall
19:50 Scout Tower
19:50 Scout Tower
19:51 Scout Tower
19:51 Scout Tower
19:52 Scout Tower
19:52 Scout Tower
19:52 Scout Tower
19:53 Scout Tower
19:54 Scout Tower
19:55 Scout Tower
19:56 Scout Tower
19:56 Scout Tower
19:57 Scout Tower
19:57 Scout Tower
19:58 Scout Tower
20:02 Scout Tower
20:03 Scout Tower
20:04 Scout Tower
20:05 Scout Tower
20:18 Guard Tower
20:20 Scout Tower
20:21 Scout Tower
20:22 Scout Tower
20:22 Scout Tower
20:34 Guard Tower
20:35 Scout Tower
20:36 Scout Tower
20:39 Guard Tower
20:40 Farm
21:00 Guard Tower
21:03 Scout Tower
21:03 Scout Tower
21:04 Scout Tower
21:04 Scout Tower
21:05 Scout Tower
21:06 Scout Tower
21:06 Scout Tower
21:07 Scout Tower
21:20 Arcane Tower
21:21 Guard Tower
21:38 Guard Tower
21:44 Scout Tower
21:44 Scout Tower
21:45 Scout Tower
21:45 Scout Tower
22:10 Guard Tower
22:13 Guard Tower
22:57 Guard Tower
23:05 Guard Tower
23:14 Guard Tower
23:34 Guard Tower
23:48 Scout Tower
23:49 Scout Tower
23:49 Scout Tower
23:50 Scout Tower
23:50 Scout Tower
23:51 Scout Tower
24:07 Scout Tower
24:14 Scout Tower
24:15 Scout Tower
25:03 Scout Tower
25:04 Scout Tower
25:08 Guard Tower
25:13 Guard Tower
25:18 Scout Tower
25:19 Scout Tower
25:21 Guard Tower
25:24 Scout Tower
25:25 Scout Tower
25:29 Guard Tower
25:31 Scout Tower
25:32 Scout Tower
25:58 Guard Tower
26:39 Guard Tower
27:26 Scout Tower
27:26 Scout Tower
27:28 Scout Tower
27:29 Scout Tower
28:01 Guard Tower
28:03 Scout Tower
28:04 Scout Tower
28:16 Scout Tower
28:17 Scout Tower
28:51 Guard Tower
29:21 Guard Tower
29:23 Scout Tower
29:23 Scout Tower
29:26 Arcane Vault
30:46 Guard Tower
30:48 Scout Tower
30:49 Scout Tower
30:49 Scout Tower
30:50 Scout Tower
30:51 Scout Tower
30:52 Scout Tower
30:56 Scout Tower
30:57 Scout Tower
30:57 Scout Tower
30:57 Scout Tower
30:58 Scout Tower
30:59 Scout Tower
31:00 Scout Tower
31:00 Scout Tower
31:03 Scout Tower
31:04 Scout Tower
31:04 Scout Tower
31:05 Scout Tower
31:31 Arcane Tower
31:33 Guard Tower
31:33 Arcane Tower
31:58 Guard Tower
32:08 Guard Tower
32:10 Guard Tower
32:10 Guard Tower
33:44 Guard Tower
33:53 Scout Tower
33:53 Scout Tower
33:56 Scout Tower
33:56 Scout Tower
34:32 Guard Tower
34:33 Guard Tower
37:06 Scout Tower
37:07 Scout Tower
37:07 Scout Tower
37:25 Arcane Vault
37:28 Scout Tower
37:28 Scout Tower
37:29 Scout Tower
37:30 Scout Tower
37:31 Scout Tower
37:33 Scout Tower
37:35 Scout Tower
37:36 Scout Tower
37:36 Scout Tower
37:37 Scout Tower
37:37 Scout Tower
37:38 Scout Tower
37:38 Scout Tower
37:40 Scout Tower
37:41 Scout Tower
37:41 Scout Tower
37:42 Scout Tower
37:43 Scout Tower
37:43 Scout Tower
37:44 Scout Tower
37:44 Scout Tower
37:45 Scout Tower
37:46 Scout Tower
37:50 Guard Tower
37:51 Guard Tower
37:52 Arcane Tower
37:55 Scout Tower
37:56 Scout Tower
37:56 Scout Tower
37:57 Scout Tower
37:58 Scout Tower
38:00 Scout Tower
38:01 Scout Tower
38:25 Guard Tower
38:45 Guard Tower
38:47 Scout Tower
38:47 Scout Tower
38:48 Scout Tower
38:49 Scout Tower
38:49 Scout Tower
38:50 Scout Tower
38:50 Scout Tower
38:50 Scout Tower
38:51 Scout Tower
39:00 Guard Tower
39:03 Scout Tower
39:04 Scout Tower
39:23 Scout Tower
39:39 Guard Tower
39:40 Arcane Tower
40:18 Guard Tower
40:19 Guard Tower
40:20 Guard Tower
40:21 Arcane Tower
40:24 Scout Tower
40:25 Scout Tower
40:30 Guard Tower
40:35 Scout Tower
40:36 Scout Tower
40:40 Guard Tower
40:43 Scout Tower
40:44 Scout Tower
41:02 Arcane Tower
41:03 Guard Tower
43:40 Guard Tower
43:50 Altar of Kings
44:19 Guard Tower
45:52 Guard Tower
50:31 Scout Tower
50:32 Scout Tower
50:49 Scout Tower
50:49 Scout Tower
50:50 Scout Tower
50:50 Scout Tower
50:51 Scout Tower
50:52 Scout Tower
50:53 Scout Tower
50:56 Scout Tower
50:57 Scout Tower
51:06 Farm
51:11 Farm
51:25 Farm
51:45 Farm
51:47 Farm
51:49 Farm
51:53 Farm
52:38 Farm
52:41 Farm
53:13 Lumber Mill
54:33 Arcane Tower
54:33 Arcane Tower
54:49 Guard Tower
54:51 Arcane Tower
54:55 Scout Tower
54:56 Scout Tower
54:56 Scout Tower
56:18 Guard Tower
56:23 Scout Tower
56:54 Guard Tower
56:55 Scout Tower
56:56 Scout Tower
58:11 Guard Tower
58:26 Scout Tower
59:02 Arcane Tower
67:45 Farm
» items
| Scroll of Regeneration | 7 | |
| Potion of Healing | 2 | |
| Lesser Clarity Potion | 1 | |
| Scroll of Town Portal | 7 | |
| Orb of Venom | 1 | |
| Staff of Sanctuary | 1 | |
| Orb of Fire | 1 | |
| Boots of Speed | 3 | |
| Staff of Teleportation | 2 | |
| Circlet of Nobility | 2 | |
27 total
team 2 (loser)
BlueIwhiteDragn (
red | 94 APM | 4341 actions | 46:17)
7 Mountain King
3 Storm Bolt
3 Bash
1 Avatar
» actions
| Assign group hotkey | 41 | |
| Basic commands | 131 | |
| Build / train | 124 | |
| ESC pressed | 10 | |
| Enter build submenu | 35 | |
| Enter hero's abilities submenu | 9 | |
| Give item / drop item | 1 | |
| Remove unit from queue | 1 | |
| Right click | 2573 | |
| Select / deselect | 717 | |
| Select group hotkey | 534 | |
| Use ability | 165 | |
4341 total
» units
| Peasant | 17 | |
| Footman | 5 | |
| Rifleman | 3 | |
| Mortar Team | 27 | |
| Flying Machine | 19 | |
| Goblin Zeppelin | 1 | |
72 total
» upgrades
| Gunpowder | 3 | |
| Long Rifles | 1 | |
| Flare | 1 | |
| Armor | 2 | |
| Fragmentation Shards | 1 | |
| Barrage | 1 | |
| Flak Cannons | 1 | |
| Flying Machine Bombs | 1 | |
11 total
» buildings
| Farm | 10 | |
| Altar of Kings | 1 | |
| Scout Tower | 5 | |
| Arcane Vault | 1 | |
| Barracks | 3 | |
| Blacksmith | 2 | |
| Arcane Tower | 5 | |
| Keep | 2 | |
| Lumber Mill | 1 | |
| Workshop | 2 | |
| Guard Tower | 1 | |
| Castle | 3 | |
| Town Hall | 2 | |
38 total
» build order
00:06 Farm
00:10 Altar of Kings
00:27 Scout Tower
00:36 Arcane Vault
01:20 Barracks
01:29 Farm
02:09 Scout Tower
02:30 Farm
02:36 Scout Tower
02:40 Blacksmith
03:11 Farm
03:15 Farm
03:31 Arcane Tower
03:31 Arcane Tower
03:40 Scout Tower
04:19 Blacksmith
05:02 Keep
05:08 Barracks
05:58 Arcane Tower
05:59 Arcane Tower
06:07 Lumber Mill
06:25 Barracks
07:03 Farm
07:33 Workshop
07:39 Workshop
08:43 Farm
09:43 Guard Tower
10:39 Farm
11:47 Castle
11:47 Castle
11:50 Farm
13:32 Farm
13:41 Town Hall
19:46 Scout Tower
28:19 Town Hall
» items
| Lesser Clarity Potion | 2 | |
| Scroll of Regeneration | 1 | |
| Healing Salve | 1 | |
| Scroll of Speed | 1 | |
| Staff of Teleportation | 1 | |
6 total
DarkMagician (
orange | 73 APM | 6727 actions | 91:50)
9 Blademaster
3 Wind Walk
3 Critical Strike
1 Bladestorm
2 Mirror Image
» actions
| Assign group hotkey | 28 | |
| Basic commands | 3 | |
| Build / train | 177 | |
| ESC pressed | 14 | |
| Enter build submenu | 53 | |
| Enter hero's abilities submenu | 9 | |
| Give item / drop item | 17 | |
| Remove unit from queue | 3 | |
| Right click | 5009 | |
| Select / deselect | 1087 | |
| Select group hotkey | 33 | |
| Use ability | 294 | |
6727 total
» units
| Peon | 42 | |
| Grunt | 14 | |
| Tauren | 20 | |
| Troll Witch Doctor | 21 | |
| Goblin Zeppelin | 7 | |
| Flying Machine | 10 | |
| Ghoul | 19 | |
133 total
» upgrades
| Armor | 3 | |
| Berserker Strength | 1 | |
| Melee Weapons | 1 | |
| Witch Doctor Training | 2 | |
| Reinforced Defenses | 1 | |
| Plating | 1 | |
9 total
» buildings
| Orc Burrow | 10 | |
| Barracks | 2 | |
| Altar of Storms | 1 | |
| Voodoo Lounge | 4 | |
| War Mill | 1 | |
| Stronghold | 1 | |
| Watch Tower | 15 | |
| Fortress | 1 | |
| Tauren Totem | 2 | |
| Spirit Lodge | 2 | |
| Great Hall | 6 | |
| Nerubian Tower | 1 | |
46 total
» build order
00:24 Orc Burrow
00:38 Barracks
00:53 Altar of Storms
01:10 Orc Burrow
02:02 Barracks
02:20 Voodoo Lounge
02:42 Orc Burrow
04:05 War Mill
05:34 Stronghold
05:54 Watch Tower
05:58 Watch Tower
07:20 Watch Tower
07:40 Orc Burrow
08:37 Fortress
08:41 Orc Burrow
09:41 Watch Tower
10:59 Tauren Totem
11:44 Tauren Totem
12:31 Spirit Lodge
12:35 Spirit Lodge
13:52 Orc Burrow
13:56 Orc Burrow
14:39 Orc Burrow
30:02 Great Hall
37:28 Great Hall
37:40 Watch Tower
37:57 Watch Tower
38:51 Watch Tower
39:53 Watch Tower
47:58 Watch Tower
51:59 Great Hall
52:14 Watch Tower
52:17 Watch Tower
52:21 Watch Tower
52:25 Watch Tower
52:38 Watch Tower
53:23 Watch Tower
85:48 Orc Burrow
86:09 Orc Burrow
86:19 Voodoo Lounge
87:19 Voodoo Lounge
88:34 Voodoo Lounge
88:47 Great Hall
89:06 Great Hall
89:21 Great Hall
90:29 Nerubian Tower
» items
| Lesser Clarity Potion | 5 | |
| Orb of Lightning | 1 | |
| Dust of Appearance | 8 | |
| Potion of Healing | 1 | |
| Staff of Teleportation | 1 | |
| Boots of Speed | 1 | |
| Potion of Lesser Invulnerability | 1 | |
| Healing Salve | 1 | |
19 total
Exodia (
pink | 92 APM | 7811 actions | 85:19)
9 Death Knight
3 Death Coil
3 Unholy Aura
1 Animate Dead
2 Death Pact
2 Mountain King
2 Thunder Clap
» actions
| Assign group hotkey | 113 | |
| Basic commands | 11 | |
| Build / train | 199 | |
| Enter build submenu | 34 | |
| Enter hero's abilities submenu | 11 | |
| Give item / drop item | 2 | |
| Remove unit from queue | 13 | |
| Right click | 5620 | |
| Select / deselect | 1434 | |
| Select group hotkey | 105 | |
| Use ability | 265 | |
7811 total
» units
| Acolyte | 15 | |
| Ghoul | 16 | |
| Crypt Fiend | 6 | |
| Gargoyle | 3 | |
| Frost Wyrm | 65 | |
| Abomination | 8 | |
| Goblin Zeppelin | 13 | |
| Mortar Team | 5 | |
| Flying Machine | 10 | |
141 total
» upgrades
| Creature Attack | 2 | |
| Cannibalize | 0 | |
| Unholy Strength | 1 | |
| Freezing Breath | 1 | |
| Disease Cloud | 1 | |
5 total
» buildings
| Altar of Darkness | 1 | |
| Ziggurat | 12 | |
| Crypt | 2 | |
| Graveyard | 1 | |
| Nerubian Tower | 3 | |
| Halls of the Dead | 3 | |
| Spirit Tower | 4 | |
| Black Citadel | 1 | |
| Sacrificial Pit | 1 | |
| Boneyard | 2 | |
| Necropolis | 1 | |
| Slaughterhouse | 1 | |
32 total
» build order
00:10 Altar of Darkness
00:11 Ziggurat
00:16 Ziggurat
00:47 Crypt
01:42 Crypt
01:49 Graveyard
03:41 Nerubian Tower
03:44 Ziggurat
04:49 Ziggurat
05:36 Halls of the Dead
05:37 Halls of the Dead
05:37 Halls of the Dead
06:47 Nerubian Tower
06:48 Spirit Tower
06:49 Spirit Tower
08:46 Black Citadel
10:12 Sacrificial Pit
10:16 Ziggurat
10:18 Ziggurat
11:49 Boneyard
11:57 Boneyard
12:07 Ziggurat
13:14 Necropolis
14:34 Ziggurat
28:39 Slaughterhouse
33:13 Ziggurat
35:02 Nerubian Tower
38:02 Ziggurat
38:57 Ziggurat
57:32 Spirit Tower
71:43 Ziggurat
» items
| Scroll of Regeneration | 4 | |
| Lesser Clarity Potion | 1 | |
| Mechanical Critter | 1 | |
| Dust of Appearance | 1 | |
| Scroll of Town Portal | 4 | |
| Staff of Teleportation | 1 | |
| Boots of Speed | 1 | |
13 total
Chat log
(16:04 / All) BEAR_AND: hey
(16:05 / All) BEAR_AND: from??
(21:25 / All) iggy_the_fisk: wow
(21:27 / All) iggy_the_fisk: fuckers!!
(23:15 / All) BEAR_AND: you guys retard?
(24:32 / All) BEAR_AND: LOL
(31:43 / All) iggy_the_fisk: U guys
(31:44 / All) iggy_the_fisk: hack
(46:17 / All) BORNINTHEusa: xd
(46:18 / All) iggy_the_fisk: fucking
(46:43 / All) BEAR_AND: do you think you can win
(52:49 / All) iggy_the_fisk: can u find
(52:51 / All) iggy_the_fisk: Our last base???
(61:27 / All) BEAR_AND: curveball lol
(67:01 / All) BEAR_AND: worth it,.,.....
(67:06 / All) BEAR_AND: manny mine of the century,......
(68:20 / All) BEAR_AND: hey
(68:21 / All) BEAR_AND: let's chat
(68:24 / All) BEAR_AND: where are you from?
(68:29 / All) Exodia: newland
(68:32 / All) BEAR_AND: newland???
(68:35 / All) BEAR_AND: where's that
(68:42 / All) Exodia: africa
(68:45 / All) BEAR_AND: no
(68:47 / All) BEAR_AND: try again
(68:50 / All) BEAR_AND: your real from
(68:52 / All) BEAR_AND: country is fine
(75:32 / All) BEAR_AND: man
(75:34 / All) BEAR_AND: you guys
(76:22 / All) BEAR_AND: yumyumyum
(82:44 / All) BEAR_AND: kik
(82:45 / All) BEAR_AND: lol
(83:50 / All) BEAR_AND: bye
(83:53 / All) BEAR_AND: http://highper.ch
(84:30 / All) BEAR_AND: hehehoho
(85:13 / All) BEAR_AND: clan towa #1
(85:22 / All) BEAR_AND: thanks for a fujn and relax game
(85:28 / All) BEAR_AND: quit
(87:18 / All) BEAR_AND: ok
(87:20 / All) BEAR_AND: now for the cleanup
(90:49 / All) BEAR_AND: gg
(90:54 / All) BEAR_AND: i like to play